 Dungeon Crawl Stone Soup version 0.22-a0-348-gd16d139 (webtiles) character file.

67 b5mith the Chiller (level 4, -1/36 HPs)
             Began as a Naga Ice Elementalist on Apr 8, 2018.
             Killed from afar by Sigmund (2 damage)
             ... with a puff of flame
             ... on level 2 of the Dungeon.
             The game lasted 00:06:09 (2265 turns).

b5mith the Chiller (Naga Ice Elementalist)          Turns: 2265, Time: 00:06:10

Health: -1/36      AC:  3    Str: 11    XL:     4   Next: 16%
Magic:  8/8        EV: 10    Int: 16    God:
Gold:   140        SH:  0    Dex: 11    Spells: 3/9 levels left

rFire    . . .     SeeInvis +   d - +0 dagger
rCold    . . .     Gourm    .   (no shield)
rNeg     . . .     Faith    .   a - +0 robe
rPois    +         Spirit   .   (no helmet)
rElec    .         Reflect  .   i - +0 cloak
rCorr    .         Harm     .   (no gloves)
MR       .....                  (no barding)
Stlth    ++........             j - amulet of magic regeneration
HPRegen  0.12/turn              (no ring)
MPRegen  0.36/turn              (no ring)

@: very slow
A: large, see invisible, deformed body, poison resistance, slowness 2, slow
metabolism 1, spit poison 1, AC +1
a: Spit Poison


You were on level 2 of the Dungeon.
You were hungry.

You visited 1 branch of the dungeon, and saw 2 of its levels.

You collected 140 gold pieces.

Inventory:

Hand Weapons
 d - a +0 dagger (weapon)
   (You took it off a kobold on level 1 of the Dungeon)
Armour
 a - a +0 robe (worn)
 i - a +0 cloak (worn)
   (You found it on level 1 of the Dungeon)
Jewellery
 j - an amulet of magic regeneration (around neck)
   (You found it on level 1 of the Dungeon)
 l - an uncursed amulet of rage {unknown}
   (You found it on level 1 of the Dungeon)
Scrolls
 b - 2 scrolls of identify {unknown}
 g - a scroll of amnesia {unknown}
 n - a scroll of enchant armour {unknown}
Potions
 e - a potion of flight {unknown}
 f - 2 potions of lignification {unknown}
 h - a potion of invisibility {unknown}
 k - 3 potions of curing {unknown}
Comestibles
 c - 2 rations
 m - 4 chunks of flesh


   Skills:
 - Level 1.5 Dodging
 - Level 3.0 Stealth
 + Level 3.1 Spellcasting
 - Level 1.0 Conjurations
 + Level 4.0 Ice Magic


You had 3 spell levels left.
You knew the following spells:

 Your Spells              Type           Power        Failure   Level  Hunger
a - Freeze                Ice            ###.         3%          1    None
b - Ozocubu's Armour      Chrm/Ice       #.......     24%         3    ###....
c - Throw Frost           Conj/Ice       ##....       10%         2    ##.....


Dungeon Overview and Level Annotations

Branches:
Dungeon (2/15)

Altars:

Annotations:
D:2 Sigmund


Innate Abilities, Weirdness & Mutations

You cannot wear boots.
Your serpentine skin is tough. (AC +1)
You have supernaturally acute eyesight. (SInv)
Armour fits poorly on your strangely shaped body.
Your system is resistant to poisons. (rPois)
You cover ground very slowly.
You have a slow metabolism.
You can spit poison.


Message History

You kill the rat!
You are feeling hungry.
Sigmund the Dreaded comes into view.
He is wielding a scythe.
You see here 6 gold pieces.
Casting: Throw Frost (safe; 10% risk of failure)
Confirm with . or Enter, or press ? or * to list all spells.
Aiming: Throw Frost (safe; 10% risk of failure)
Press: ? - help, Shift-Dir - straight line, f - Sigmund
Aim: Sigmund, wielding a scythe and wearing a robe (resting)
The puff of frost hits Sigmund.
Sigmund appears unharmed.
Sigmund shouts!
Casting: Throw Frost (safe; 10% risk of failure)
Confirm with . or Enter, or press ? or * to list all spells.
Aiming: Throw Frost (safe; 10% risk of failure)
Press: ? - help, Shift-Dir - straight line, f/p - Sigmund
Aim: Sigmund, wielding a scythe and wearing a robe The puff of frost misses Sigmund.
Sigmund casts a spell at you. The puff of flame hits you!
Casting: Throw Frost (safe; 10% risk of failure)
Confirm with . or Enter, or press ? or * to list all spells.
Aiming: Throw Frost (safe; 10% risk of failure)
Press: ? - help, Shift-Dir - straight line, f/p - Sigmund
Aim: Sigmund, wielding a scythe and wearing a robe The puff of frost hits Sigmund.
Sigmund is lightly wounded.
Casting: Throw Frost (safe; 10% risk of failure)
Confirm with . or Enter, or press ? or * to list all spells.
Aiming: Throw Frost (safe; 10% risk of failure)
Press: ? - help, Shift-Dir - straight line, f/p - Sigmund
Aim: Sigmund, wielding a scythe and wearing a robe (lightly wounded)
The puff of frost hits Sigmund.
Sigmund is moderately wounded.
Sigmund hits you from afar with a scythe.
Sigmund casts a spell at you. The magic dart hits you!
* * * LOW HITPOINT WARNING * * *
Sigmund points at you and mumbles some strange words.
The puff of flame hits you!
* * * LOW HITPOINT WARNING * * *
Sigmund casts a spell at you. The puff of flame hits you!
* * * LOW HITPOINT WARNING * * *
Sigmund barely misses you.
Sigmund points at you and mumbles some strange words.
The puff of flame hits you!
* * * LOW HITPOINT WARNING * * *
Sigmund casts a spell at you. The puff of flame hits you!
You die...

######...#######.
###.......#####
#.
#).......<......
.#
#.#.###########.
# #.#@# #.#.#
#.#.# ##.#.#
#..@.######
#..$.......
#.##.#####. #.
#.# #. #.# #. #.#
#. #.# #. .. ##
.#


You could see Sigmund.

Vanquished Creatures
  A worker ant (D:2)
  3 worms (D:2)
  A leopard gecko (D:1)
  2 ball pythons
  4 bats
  A giant cockroach (D:1)
  4 goblins
  5 hobgoblins
  2 frilled lizards (D:2)
  6 kobolds
  5 rats
34 creatures vanquished.

Notes
Turn   | Place    | Note
-------+----------+-------------------------------------------
     0 | D:1      | b5mith the Naga Ice Elementalist began the quest for the Orb.
     0 | D:1      | Reached XP level 1. HP: 15/15 MP: 3/3
   333 | D:1      | Reached XP level 2. HP: 8/22 MP: 0/5
  1537 | D:2      | Reached XP level 3. HP: 28/28 MP: 4/6
  1545 | D:2      | Learned a level 3 spell: Ozocubu's Armour
  1548 | D:2      | Learned a level 2 spell: Throw Frost
  2086 | D:2      | Reached skill level 4 in Ice Magic
  2086 | D:2      | Reached XP level 4. HP: 30/36 MP: 0/8
  2248 | D:2      | Noticed Sigmund
  2264 | D:2      | HP: 1/36 [Sigmund/puff of flame (5)]
  2265 | D:2      | Killed from afar by Sigmund

Vault maps used:
D:1:      kilobyte_arrival_exit_the_forest
D:2:      nicolae_overflow_crystal_walls, grunt_ministairs_15, uniq_sigmund,
          uniq_crazy_yiuf_cottage

Skill      XL: |  1  2  3 |
---------------+----------+-----
Spellcasting   | 3 |  3.1
Ice Magic      | 4 |  4.0
Dodging        | |  1.5
Stealth        | |  3.0
Conjurations   | |  1.0

Action                   |  1- 3 |  4- 6 || total
-------------------------+-------+-------++-------
Melee: Dagger            |    18 |       ||    18
       Unarmed           |     8 |       ||     8
 Cast: Freeze            |    44 |     2 ||    46
       Throw Frost       |    11 |    11 ||    22
       Ozocubu's Armour  |     1 |       ||     1
  Eat: Chunk             |     4 |       ||     4
Armor: Robe              |     7 |       ||     7
Dodge: Dodged            |    33 |     1 ||    34

Table legend:
 A = Spawn XP
 B = Non-spawn XP
 C = Spawn XP percentage of total XP
 D = Spawn monster count
 E = Non-spawn monster count
 F = Spawn count percentage of total count
 G = Total turns spent on level
                    A         B        C        D         E        F      G
               +---------+---------+-------+---------+---------+-------+---------
         Total |       0 |      96 |   0.0 |       0 |      34 |   0.0 |  2265
               +---------+---------+-------+---------+---------+-------+---------
           D:1 |       0 |      21 |   0.0 |       0 |      12 |   0.0 |  1469
           D:2 |       0 |      75 |   0.0 |       0 |      22 |   0.0 |   796
               +---------+---------+-------+---------+---------+-------+---------
